 Dungeon Crawl Stone Soup version 0.16-a0-3308-g116f5c4 (webtiles) character file.

518270 KaKa the Sniper (level 25, -21/224 HPs)
             Began as a Ghoul Monk on Dec 23, 2014.
             Was the Champion of Okawaru.
             Killed from afar by a deep elf sorcerer (41 damage)
             ... with a blast of hellfire
             ... on level 3 of the Depths on Dec 27, 2014.
             The game lasted 06:53:46 (54645 turns).

KaKa the Sniper (Ghoul Monk)                       Turns: 54645, Time: 06:53:46

Health: -21/224    AC: 15    Str: 23    XL:     25   Next: 22%
Magic:  25/25      EV: 14    Int:  5    God:    Okawaru [******]
Gold:   5409       SH:  0    Dex: 11    Spells: 1 memorised, 22 levels left

rFire  + . .     SeeInvis .     a - +12 arbalest "Khivisic" {penet, rC+ MR+ Str-3}
rCold  + + .     Clarity  .     F - +7 chain mail "Buokhloats" {MR+}
rNeg   + + +     SustAb   .     (no shield)
rPois  ∞         Gourm    .     W - +2 hat {MR+}
rElec  +         Spirit   .     H - +0 cloak of Kiucak {Str-1 Slay+2 Curse}
rCorr  .         Warding  .     R - +1 pair of gloves of Filth {rElec}
rMut   +         Stasis   .     p - +2 pair of boots {run}
MR     ++++.                    A - amulet of resist mutation
Stlth  ..........               C - ring of protection from fire
                                q - +6 ring of slaying

@: corroded equipment, rotting, quick, incredibly resistant to hostile
enchantments, extremely unstealthy
A: rotting body, claws 1, carnivore 3, cold resistance 1, negative energy
resistance 3, poison resistance, slow healing 1, torment resistance, unbreathing
a: Heroism, Finesse, Renounce Religion
}: 3/15 runes: decaying, serpentine, silver


You were on level 3 of the Depths.
You worshipped Okawaru.
Okawaru was exalted by your worship.
You were not hungry.

You visited 9 branches of the dungeon, and saw 49 of its levels.
You also visited: Sewer, Bailey and Ice Cave.

You collected 6327 gold pieces.
You spent 918 gold pieces at shops.

Inventory:

Hand weapons
 a - the +12 arbalest "Khivisic" (weapon) {penet, rC+ MR+ Str-3}
   (Okawaru gifted it to you on level 2 of the Lair of Beasts)

   Ammo fired by it will pass through the targets it hits, potentially hitting
   all targets in its path until it reaches maximum range.
   It affects your strength (-3).
   It protects you from cold.
   It affects your resistance to hostile enchantments.
 X - a +2 triple crossbow of freezing
Missiles
 b - 107 bolts of frost
 z - 85 silver bolts
 E - 83 bolts of penetration
 L - 319 bolts (quivered)
 N - 135 poisoned bolts
 T - 32 bolts of flame
Armour
 p - a +2 pair of boots of running (worn)
 F - the +7 chain mail "Buokhloats" (worn) {MR+}
   (You found it on level 1 of the Depths)

   It affects your resistance to hostile enchantments.
 H - the +0 cloak of Kiucak (worn) {Str-1 Slay+2 Curse}
   (Okawaru gifted it to you on level 4 of the Vaults)

   It affects your strength (-1).
   It affects your accuracy and damage with ranged weapons and melee attacks
   (+2).
   It may recurse itself when equipped.
 I - a +1 fire dragon armour
 R - the +1 pair of gloves of Filth (worn) {rElec}
   (You found it on level 3 of the Swamp)

   It insulates you from electricity.
 W - a +2 hat of magic resistance (worn)
Jewellery
 d - an uncursed ring of see invisible
 q - a +6 ring of slaying (left hand)
 w - an uncursed ring of fire
 A - an amulet of resist mutation (around neck)
 C - a ring of protection from fire (right hand)
 O - an uncursed ring of protection from magic
Magical devices
 t - a wand of digging (10)
 K - a wand of teleportation (4)
 S - a wand of hasting (3)
Scrolls
 e - 9 scrolls of teleportation
 h - 3 scrolls of torment
 i - 7 scrolls of fog
 l - a scroll of summoning
 m - 25 scrolls of remove curse
 n - 5 scrolls of enchant armour
 o - 4 scrolls of silence
 r - 12 scrolls of recharging
 y - 8 scrolls of enchant weapon
 J - 2 scrolls of blinking
 M - 17 scrolls of identify
 Y - 4 scrolls of fear
 Z - 7 scrolls of magic mapping
Potions
 c - 10 potions of restore abilities
 g - 2 potions of brilliance
 k - 3 potions of flight
 v - 4 potions of cancellation
 x - 10 potions of agility
 B - 6 potions of might
 G - 2 potions of resistance
 Q - 3 potions of magic
 U - 11 potions of curing
 V - 2 potions of haste
Miscellaneous
 D - a phial of floods
 P - a phantom mirror
Comestibles
 f - 12 beef jerkies
 j - 28 chunks of flesh
 s - 29 royal jellies
 u - 23 meat rations


   Skills:
 + Level 18.1 Fighting
 - Level 22.2 Crossbows
 + Level 14.7 Armour
 + Level 14.8 Dodging
 - Level 2.1 Stealth
 - Level 22.0 Unarmed Combat
 - Level 4.1 Invocations
 - Level 3.8 Evocations


You had 22 spell levels left.
You knew the following spells:

 Your Spells              Type           Power        Failure   Level  Hunger
c - Repel Missiles        Chrm/Air       #.....       100%        2    ###....


Dungeon Overview and Level Annotations

Branches:
Dungeon (15/15)            Temple (1/1) D:6            Lair (8/8) D:10
  Swamp (5/5) Lair:3       Shoals (0/5) Lair:4        Snake (5/5) Lair:4
  Slime (0/6) Lair:8          Orc (4/4) D:11            Elf (3/3) Orc:3
 Vaults (5/5) D:13         Depths (3/5) D:15
  Crypt: Vaults:2-3

Altars:
Ashenzari
Dithmenos
Elyvilon
Fedhas
Gozag
Kikubaaqudgha
Makhleb
Nemelex Xobeh
Okawaru
Qazlal
Ru
Sif Muna
Trog
Vehumet
Xom
Yredelemnul
Zin
The Shining One
Jiyva

Shops:
D:7 ?   D:12 }   D:13 %   Orc:2 }   Orc:4 [*!*   Elf:2 (   Snake:4 [
Vaults:2 (

Portals:
Hell: Depths:1 Depths:2 Depths:3
Ziggurat: Depths:1
Trove: Vaults:1 (show slimy rune of Zot)

Annotations:
D:11 runed door
Elf:2 runed door
Depths:1 runed door


Innate Abilities, Weirdness & Mutations

Your body is rotting away.
You thrive on raw meat.
You have sharp fingernails.
You are carnivorous and can eat meat at any time.
Your flesh is cold resistant.
You are immune to negative energy.
Your system is resistant to poisons.
You heal slowly when monsters are visible.
You are immune to unholy pain and torment.
You can survive without breathing.


Message History

The frost giant is almost dead.
Firing (i - inventory. (,) - cycle):
L - 321 bolts (quivered)
Press: ? - help, Shift-Dir - straight line, f/p - frost giant
Aim: a frost giant, wielding a battleaxe of freezing (almost dead)
You shoot a bolt.
The bolt pierces through the frost giant!
The frost giant is almost dead.
Firing (i - inventory. (,) - cycle):
L - 320 bolts (quivered)
Press: ? - help, Shift-Dir - straight line, f/p - frost giant
Aim: a frost giant, wielding a battleaxe of freezing (almost dead)
You shoot a bolt.
The bolt pierces through the frost giant!!
You kill the frost giant!
Okawaru accepts your kill.
A hell knight comes into view.
It is wielding a demon trident of flaming.
A deep elf sorcerer comes into view. It is wielding a long sword.
The deep elf sorcerer shouts!
The deep elf sorcerer gestures at you while chanting.
The hellfire explodes!
The blast of hellfire engulfs you!
You die...

#..#÷(####..####..#
?§....(........+ ...
..)...)........+ .
#....##(.......# #
......#[.).....# ...
...#..#........# .e..
#''####..(.....####''#
#......(###..........#
#......#..##...#@....#
#....#.........#..<..#
.....#.....#.###...#.p.....
.##......#####.....# ....#
#..#...#.....###.# ...# ##
#........## ### .##
######...# . ##.## ###


You could see a hell knight and a deep elf sorcerer.

Vanquished Creatures
  2 ancient liches (Vaults:5)
  Boris (Vaults:5)
  Norris (Snake:4)
  A golden dragon (Vaults:5)
  Xtahua (Vaults:2)
  Frederick (Vaults:5)
  Nikola (Snake:2)
  2 liches
  2 caustic shrikes (Depths:3)
  An Ice Fiend (IceCv)
  A tentacled monstrosity (Vaults:5)
  Vashnia (Snake:2)
  2 deep elf blademasters (Elf:3)
  Asterion (Elf:2)
  2 deep elf master archers (Elf:3)
  5 titans
  3 quicksilver dragons (Vaults:5)
  6 thorn hunters
  Rupert (Snake:1)
  Agnes (Swamp:2)
  6 sphinxes
  4 tengu reavers
  4 shadow dragons (Vaults:5)
  2 storm dragons (Vaults:5)
  Roxanne (Swamp:2)
  A revenant (Vaults:2)
  A daeva (Depths:1)
  20 vault wardens
  A balrug (Depths:1)
  7 deep elf sorcerers
  6 greater nagas
  6 fire giants
  An orc warlord (Orc:3)
  2 iron dragons (Vaults:5)
  8 frost giants
  Aizul (Depths:2)
  An emperor scorpion (Depths:2)
  The ghost of deveit the Spry, a powerful MfSk of Okawaru (Orc:4)
  An angel (Depths:1)
  Gastronok (Lair:1)
  Jorgrun (Snake:4)
  9 very ugly things
  14 stone giants
  8 deep elf demonologists
  A dire elephant (Depths:2)
  6 deep elf annihilators
  Azrael (Elf:2)
  8 ettins
  An eidolon (Vaults:2)
  Snorg (D:14)
  35 vault guards
  5 deep elf death magi
  2 minotaurs (Depths:2)
  6 great orbs of eyes
  11 fire dragons
  2 deep elf high priests
  3 rakshasas
  21 hydras
  14 ironheart preservers
  6 ice dragons
  Harold (D:12)
  16 yaktaur captains
  8 naga warriors
  A hell beast (Vaults:5)
  2 ghost crabs (Swamp:4)
  11 anacondas
  Erica (Lair:1)
  12 centaur warriors
  5 deep troll earth magi
  14 dancing weapons (Elf:2)
  7 alligators
  A death knight (Vaults:2)
  A tengu warrior (Depths:1)
  20 ogre magi
  14 death yaks
  The ghost of Chiseanne the Eclecticist, a powerful DEIE of Vehumet (D:9)
  15 naga sharpshooters
  8 deep troll shamans
  2 shock serpents
  2 sun demons (Depths:1)
  An orc high priest (Orc:3)
  Nergalle (D:12)
  3 fire crabs
  2 iron trolls (Depths:2)
  6 hell knights (Depths:2)
  A deep troll (shapeshifter) (Vaults:5)
  24 deep elf knights
  A shadow wraith (Vaults:5)
  A fire crab (shapeshifter) (Vaults:1)
  A skeletal warrior (D:13)
  27 deep trolls
  2 salamander mystics (Snake:5)
  3 sea snakes
  5 ice devils (IceCv)
  A spriggan druid (Swamp:5)
  A giant orange brain (Vaults:3)
  8 deep elf summoners
  A shambling mangrove (Swamp:4)
  3 red wasps
  7 naga ritualists
  4 unseen horrors
  2 ice statues (IceCv)
  15 ironbrand convokers
  25 hill giants
  The ghost of Broomstick the Basher, an experienced GrFi of Ashenzari (D:6)
  11 swamp dragons
  6 mana vipers
  A lindwurm (Lair:7)
  3 necromancers
  3 orc sorcerers
  8 deep elf conjurers
  An orb spider (shapeshifter) (Vaults:2)
  5 wolf spiders
  5 griffons
  9 orc knights
  18 cyclopes
  A salamander (shapeshifter) (Vaults:5)
  A faun (Lair:7)
  A wolf spider (shapeshifter) (Depths:1)
  A moth of wrath (shapeshifter) (Vaults:5)
  3 manticores
  9 salamanders
  A sixfirhy (Vaults:3)
  2 water nymphs (shapeshifter)
  45 ugly things
  Maurice (D:12)
  7 elephants
  33 black mambas
  A human skeleton (Vaults:2)
  11 vault sentinels
  4 guardian serpents
  31 naga magi
  8 komodo dragons
  4 kobold demonologists
  A yaktaur (shapeshifter) (Vaults:3)
  The ghost of Chiseanne the Thaumaturge, an experienced SpIE (D:5)
  Psyche (D:10)
  19 spiny frogs
  39 yaktaurs
  A fire drake (shapeshifter) (Depths:1)
  A spiny frog (shapeshifter) (Vaults:2)
  A golden dragon simulacrum (Depths:3)
  2 tengu conjurers
  A hellwing (Vaults:5)
  16 deep elf priests
  A troll (shapeshifter) (Vaults:5)
  A queen bee (shapeshifter) (Vaults:2)
  13 trolls
  3 freezing wraiths
  A polar bear (Lair:3)
  A polar bear (shapeshifter) (Vaults:4)
  3 fire drakes
  2 queen bees
  A raiju (shapeshifter) (Depths:1)
  9 giant leeches
  Grinder (D:5)
  Prince Ribbit (D:9)
  3 basilisks (shapeshifter)
  7 blue devils
  A wind drake (shapeshifter) (Vaults:5)
  7 ravens
  A harpy skeleton (D:14)
  9 bog bodies
  6 boulder beetles
  19 blink frogs
  32 two-headed ogres
  A blink frog (shapeshifter) (Vaults:1)
  38 slime creatures
  2 baby alligators (shapeshifter)
  2 shadows
  A centaur simulacrum (D:15)
  A vampire (Vaults:2)
  3 basilisks
  2 wraiths
  26 yaks
  2 fire elementals (Elf:2)
  A snapping turtle (shapeshifter) (Vaults:5)
  A wyvern (D:12)
  5 spriggans
  A hog (shapeshifter) (Depths:1)
  23 deep elf magi
  A redback (shapeshifter) (Vaults:2)
  4 redbacks (Vaults:2)
  A tarantella (shapeshifter) (Depths:1)
  A hungry ghost (D:15)
  A steam dragon (Lair:8)
  6 hippogriffs
  Eustachio (D:4)
  An ettin skeleton (Vaults:2)
  Grum (Orc:1)
  41 deep elf fighters
  A small abomination (Elf:3)
  7 wargs
  17 vampire mosquitoes
  8 insubstantial wisps (Swamp:1)
  Edmund (D:4)
  48 nagas
  Menkaure (D:5)
  3 hell hounds (Elf:2)
  13 wolves
  32 swamp worms
  6 mottled dragons
  7 porcupines
  2 ice beasts (IceCv)
  33 water moccasins
  29 orc warriors
  3 black bears
  6 sky beasts
  Purgy (Sewer)
  18 swamp drakes
  3 phantoms
  5 yellow wasps
  68 ogres
  2 eyes of draining (D:14)
  25 centaurs
  22 crocodiles
  2 boggarts
  A sky beast (shapeshifter) (Vaults:4)
  7 big kobolds
  3 boring beetles
  4 wyvern zombies
  2 yaktaur zombies (Vaults:2)
  Blork the orc (D:5)
  23 giant frogs
  2 wyvern skeletons
  4 scorpions
  3 human simulacra (Vaults:2)
  54 killer bees
  5 jellies
  14 wights
  A crimson imp (D:13)
  3 centaur zombies
  10 electric eels
  A giant frog zombie (D:8)
  15 hounds
  18 orc priests
  A giant frog skeleton (D:13)
  Crazy Yiuf (D:2)
  A gnoll shaman (D:5)
  7 centaur skeletons
  A quasit (D:8)
  29 orc wizards
  Natasha (D:3)
  12 iguanas
  A spectral swamp drake (Swamp:4)
  6 worker ants
  2 hell rats
  19 sheep
  2 ogre zombies
  23 gnolls
  An orc skeleton (Orc:4)
  An adder (shapeshifter) (Depths:1)
  67 river rats
  38 adders
  A shadow imp (D:15)
  5 giant mites
  24 white imps
  2 worms
  2 ufetubi (IceCv)
  An adder zombie (D:5)
  An adder skeleton (D:6)
  7 giant geckos
  163 orcs
  2 ball pythons
  16 bats
  6 giant cockroaches
  24 hobgoblins
  6 jackals
  39 kobolds
  8 quokkas
  3 giant gecko skeletons (D:5)
  13 giant newts
  33 goblins
  A goblin zombie (Orc:3)
  A jackal skeleton (D:8)
  9 orc zombies
  A quokka skeleton (D:7)
  A quokka zombie (D:5)
  22 rats
  2 spectral orcs (D:12)
  2 ballistomycetes (D:13)
  A bush (Lair:7)
  A fungus (Elf:2)
  9 plants
2313 creatures vanquished.

Vanquished Creatures (others)
  A frost giant (Depths:2)
  A black mamba (Snake:2)
  A naga mage (Snake:2)
  A water moccasin (Snake:2)
  A swamp worm (Swamp:1)
  A yellow wasp (Swamp:1)
  A giant frog (Swamp:4)
  A white imp (IceCv)
  2 ufetubi (IceCv)
  An orc zombie (Orc:3)
  A giant spore (D:13)
  A briar patch (Swamp:5)
  5 fungi
  2 plants
20 creatures vanquished.

Grand Total: 2333 creatures vanquished

Notes
Turn   | Place    | Note
--------------------------------------------------------------
     0 | D:1      | KaKa, the Ghoul Monk, began the quest for the Orb.
     0 | D:1      | Reached XP level 1. HP: 19/19 MP: 1/1
   248 | D:1      | Reached skill level 5 in Unarmed Combat
   248 | D:1      | Reached XP level 2. HP: 16/26 MP: 2/2
   566 | D:1      | Reached XP level 3. HP: 27/31 MP: 3/3
  1410 | D:2      | Reached skill level 6 in Unarmed Combat
  1410 | D:2      | Reached XP level 4. HP: 35/35 MP: 3/3
  1642 | D:2      | Reached XP level 5. HP: 40/45 MP: 4/4
  1807 | D:2      | Reached skill level 7 in Unarmed Combat
  2045 | D:2      | Noticed Crazy Yiuf
  2054 | D:2      | Killed Crazy Yiuf
  2247 | D:3      | Found a deep blue altar of Sif Muna.
  2338 | D:3      | Reached XP level 6. HP: 32/51 MP: 5/5
  2742 | D:4      | Noticed Eustachio
  2823 | D:4      | Killed Eustachio
  2823 | D:4      | Reached skill level 8 in Unarmed Combat
  2851 | D:4      | Noticed Natasha
  2885 | D:3      | Killed Natasha
  3079 | D:4      | Reached XP level 7. HP: 57/57 MP: 5/5
  3113 | D:4      | Found a sacrificial altar of Ru.
  3126 | D:4      | Got a smoking whip
  3127 | D:4      | Identified the +9 whip "Ghaxioda" {slash, rF+} (You found it on level 4 of the Dungeon)
  3298 | D:4      | Reached skill level 9 in Unarmed Combat
  3586 | D:4      | Noticed Edmund
  3597 | D:4      | Killed Edmund
  3597 | D:4      | Reached skill level 1 in Armour
  4088 | D:5      | Entered Level 5 of the Dungeon
  4175 | D:5      | Reached skill level 1 in Crossbows
  4657 | D:5      | Noticed Blork the orc
  4675 | D:5      | Killed Blork the orc
  4823 | D:5      | Noticed Menkaure
  4937 | D:5      | Reached XP level 8. HP: 55/65 MP: 6/6
  5057 | D:5      | Killed Menkaure
  5526 | D:5      | Noticed Chiseanne's ghost (experienced SpIE)
  5601 | D:5      | Killed Chiseanne's ghost
  5601 | D:5      | Reached skill level 5 in Crossbows
  5828 | D:5      | Noticed Grinder
  5836 | D:5      | Killed Grinder
  5836 | D:5      | Reached XP level 9. HP: 71/71 MP: 7/7
  5987 | D:6      | Noticed Broomstick's ghost (experienced GrFi)
  6169 | D:6      | Found a shattered altar of Ashenzari.
  6330 | D:6      | Found a glowing drain.
  6338 | Sewer    | Entered a sewer
  6361 | Sewer    | Noticed Purgy
  6368 | Sewer    | Killed Purgy
  6550 | D:6      | Found a shadowy altar of Dithmenos.
  6740 | D:6      | Found a staircase to the Ecumenical Temple.
  6872 | Temple   | Entered the Ecumenical Temple
  6897 | Temple   | Became a worshipper of Warmaster Okawaru
  6897 | Temple   | Acquired Okawaru's first power
  7025 | D:6      | Killed Broomstick's ghost
  7262 | D:6      | Reached skill level 10 in Crossbows
  7458 | D:7      | Found Hyjeule's Magic Scroll Shoppe.
  7475 | D:7      | Reached XP level 10. HP: 74/77 MP: 5/7
  7514 | D:7      | Learned a level 2 spell: Repel Missiles
  7517 | D:7      | Learned a level 2 spell: Blink
  7914 | D:7      | HP: 3/79 [killer bee (2)]
  7915 | D:7      | HP: 1/79 [killer bee (2)]
  8820 | D:8      | Reached skill level 10 in Unarmed Combat
  8966 | D:8      | Reached skill level 5 in Fighting
  9407 | D:8      | Received a gift from Okawaru
  9450 | D:8      | Reached skill level 11 in Unarmed Combat
 10064 | D:9      | Noticed Prince Ribbit
 10080 | D:9      | Killed Prince Ribbit
 10080 | D:9      | Reached skill level 5 in Dodging
 10080 | D:9      | Reached XP level 11. HP: 77/87 MP: 5/8
 10235 | D:9      | Found a sparkling altar of Nemelex Xobeh.
 10236 | D:9      | Found an ancient bone altar of Kikubaaqudgha.
 10248 | D:9      | Found a bloodstained altar of Trog.
 10251 | D:9      | Found a glowing golden altar of the Shining One.
 10306 | D:9      | Noticed Chiseanne's ghost (powerful DEIE)
 10315 | D:9      | Killed Chiseanne's ghost
 10315 | D:9      | Received a gift from Okawaru
 10470 | D:10     | Entered Level 10 of the Dungeon
 10470 | D:10     | Noticed a hill giant
 10484 | D:10     | Noticed a hill giant
 10497 | D:9      | Killed a hill giant
 10577 | D:10     | Found a staircase to the Lair.
 10601 | D:10     | Received a gift from Okawaru
 10624 | D:10     | Killed a hill giant
 10624 | D:10     | Reached skill level 12 in Unarmed Combat
 11112 | D:10     | Received a gift from Okawaru
 11262 | D:10     | Noticed Psyche
 11274 | D:10     | Killed Psyche
 11505 | Lair:1   | Entered Level 1 of the Lair of Beasts
 11586 | Lair:1   | Noticed Erica
 11685 | Lair:1   | Killed Erica
 11685 | Lair:1   | Received a gift from Okawaru
 11907 | Lair:1   | Received a gift from Okawaru
 11975 | Lair:1   | Reached skill level 13 in Unarmed Combat
 11976 | Lair:1   | Noticed Gastronok
 12117 | Lair:1   | Killed Gastronok
 12117 | Lair:1   | Received a gift from Okawaru
 12117 | Lair:1   | Reached XP level 12. HP: 73/101 MP: 9/9
 12382 | Lair:1   | Noticed a seven-headed hydra
 12388 | Lair:1   | Killed a seven-headed hydra
 12388 | Lair:1   | Acquired Okawaru's second power
 12388 | Lair:1   | Received a gift from Okawaru
 12973 | Lair:2   | Reached skill level 5 in Armour
 12986 | Lair:2   | Reached skill level 14 in Unarmed Combat
 13250 | Lair:2   | Received a gift from Okawaru
 13251 | Lair:2   | Got a steaming arbalest {god gift}
 13252 | Lair:2   | Identified the +12 arbalest "Khivisic" {penet, rC+ MR+ Str-3} (Okawaru gifted it to you on level 2 of the Lair of Beasts)
 13254 | Lair:2   | Upgraded the game from 0.16-a0-3253-g5709529 to 0.16-a0-3280-g3a29b53
 13969 | Lair:3   | Found a staircase to the Swamp.
 14971 | Lair:4   | Found a staircase to the Snake Pit.
 14995 | Lair:4   | Received a gift from Okawaru
 14995 | Lair:4   | Reached XP level 13. HP: 111/111 MP: 7/9
 15305 | Lair:4   | Found a staircase to the Shoals.
 15755 | Lair:5   | Received a gift from Okawaru
 15755 | Lair:5   | Reached skill level 15 in Unarmed Combat
 16287 | Lair:6   | Received a gift from Okawaru
 16707 | Lair:6   | Identified a scroll of acquirement
 16828 | Lair:6   | Received a gift from Okawaru
 18151 | Lair:8   | Entered Level 8 of the Lair of Beasts
 18157 | Lair:8   | Reached skill level 16 in Unarmed Combat
 18437 | Lair:8   | Reached XP level 14. HP: 113/118 MP: 10/10
 18759 | Lair:8   | Received a gift from Okawaru
 19229 | Lair:8   | Found a viscous altar of Jiyva.
 19231 | Lair:8   | Found a staircase to the Slime Pits.
 19633 | Lair:6   | Upgraded the game from 0.16-a0-3280-g3a29b53 to 0.16-a0-3300-g0332368
 19633 | Lair:6   | Upgraded the game from 0.16-a0-3300-g0332368 to 0.16-a0-3308-g116f5c4
 19863 | D:11     | Found a staircase to the Orcish Mines.
 20180 | D:11     | Reached skill level 17 in Unarmed Combat
 20369 | D:11     | Found a large runed door.
 20383 | D:11     | Found a large runed door.
 20400 | D:11     | Found a shattered altar of Ashenzari.
 20400 | D:11     | Noticed a stone giant
 20405 | D:11     | Killed a stone giant
 20436 | D:11     | Found a shimmering altar of Xom.
 20607 | Orc:1    | Entered Level 1 of the Orcish Mines
 20677 | Orc:1    | Noticed Grum
 20696 | Orc:1    | Killed Grum
 20907 | Orc:2    | Found a flagged portal.
 20925 | Bailey   | Entered a bailey
 21885 | Orc:3    | Noticed an orc warlord
 21899 | Orc:3    | Killed an orc warlord
 22212 | Orc:2    | Found Klaicogg's Quality Used Wands.
 22295 | Orc:2    | Found a bloodstained altar of Trog.
 22368 | Orc:4    | Entered Level 4 of the Orcish Mines
 22368 | Orc:4    | Noticed deveit's ghost (powerful MfSk)
 22507 | Orc:4    | Received a gift from Okawaru
 22643 | Orc:3    | Identified a +1 pair of boots of running (Okawaru gifted it to you on level 4 of the Orcish Mines)
 22663 | Orc:3    | Reached XP level 15. HP: 59/124 MP: 9/11
 22845 | Orc:4    | Reached skill level 18 in Unarmed Combat
 22891 | Orc:4    | Killed deveit's ghost
 22910 | Orc:4    | Found Khafegh's Armour Boutique.
 22917 | Orc:4    | Found Smo Twal's Distillery.
 22922 | Orc:4    | Found Kucaux's Assorted Antiques.
 22970 | Orc:4    | Found Hoefigeosch's General Store.
 22976 | Orc:4    | Bought a potion of heal wounds for 80 gold pieces
 23097 | Orc:4    | Bought a triangular bronze amulet for 160 gold pieces
 23097 | Orc:4    | Bought a curved bone wand for 128 gold pieces
 23104 | Orc:4    | Bought a potion of experience for 550 gold pieces
 23104 | Orc:4    | Reached XP level 16. HP: 132/132 MP: 11/20
 23501 | Orc:3    | Found a staircase to the Elven Halls.
 23590 | Orc:3    | You fall through a shaft!
 24535 | Swamp:1  | Entered Level 1 of the Swamp
 24535 | Swamp:1  | Found a frozen archway.
 24572 | IceCv    | Entered an ice cave
 24750 | IceCv    | Reached skill level 15 in Crossbows
 24992 | IceCv    | Noticed an Ice Fiend
 25011 | IceCv    | Killed an Ice Fiend
 25084 | IceCv    | Got an encrusted demon blade
 25085 | IceCv    | Identified the +11 demon blade of Unpleasantness {flame, +Blink Stlth--} (You found it in an ice cave)
 26397 | Swamp:2  | Noticed Roxanne
 26419 | Swamp:2  | Killed Roxanne
 26419 | Swamp:2  | Reached skill level 19 in Unarmed Combat
 26695 | Swamp:2  | Noticed Agnes
 26709 | Swamp:2  | Killed Agnes
 27010 | Swamp:3  | Noticed a thorn hunter
 27027 | Swamp:3  | Killed a thorn hunter
 27199 | Swamp:3  | Received a gift from Okawaru
 27371 | Swamp:3  | Got a pair of ancient gloves
 27382 | Swamp:3  | Identified the +1 pair of gloves of Filth {rElec} (You found it on level 3 of the Swamp)
 27709 | Swamp:3  | Reached XP level 17. HP: 65/136 MP: 21/21
 28110 | Swamp:3  | Found a bloodstained altar of Trog.
 28277 | Swamp:4  | Found a white marble altar of Elyvilon.
 28316 | Swamp:4  | Received a gift from Okawaru
 28951 | Swamp:4  | Received a gift from Okawaru
 29258 | Swamp:5  | Entered Level 5 of the Swamp
 29361 | Swamp:5  | Reached skill level 20 in Unarmed Combat
 30107 | Swamp:5  | Received a gift from Okawaru
 30291 | Swamp:5  | Got a decaying rune of Zot
 30410 | Swamp:5  | Received a gift from Okawaru
 30720 | Snake:1  | Entered Level 1 of the Snake Pit
 30816 | Snake:1  | Got a steaming plate armour
 30829 | Snake:1  | Identified the cursed +5 plate armour "Ikaifouf" {rElec rC+} (You found it on level 1 of the Snake Pit)
 30945 | Snake:1  | Noticed Rupert
 30953 | Snake:1  | Killed Rupert
 31097 | Snake:1  | Reached XP level 18. HP: 101/146 MP: 22/22
 31414 | Snake:2  | Noticed Nikola
 31424 | Snake:2  | Killed Nikola
 31525 | Snake:2  | Noticed Vashnia
 31814 | Snake:2  | Received a gift from Okawaru
 32054 | Snake:2  | Killed Vashnia
 32426 | Snake:2  | Reached skill level 10 in Fighting
 32680 | Snake:2  | Received a gift from Okawaru
 32873 | Snake:2  | Found an ancient bone altar of Kikubaaqudgha.
 33352 | Snake:3  | Received a gift from Okawaru
 33605 | Snake:4  | Noticed Norris
 33622 | Snake:4  | Killed Norris
 33917 | Snake:4  | Noticed Jorgrun
 33927 | Snake:4  | Killed Jorgrun
 34126 | Snake:4  | Found Cisatin's Armour Boutique.
 34168 | Snake:4  | Received a gift from Okawaru
 34169 | Snake:4  | Got a faintly glowing helmet {god gift}
 34180 | Snake:4  | Identified the +0 helmet "Zunoukug" {rC++ Stlth++} (Okawaru gifted it to you on level 4 of the Snake Pit)
 34513 | Snake:5  | Entered Level 5 of the Snake Pit
 35102 | Snake:5  | Reached XP level 19. HP: 145/160 MP: 20/22
 35344 | Snake:5  | Received a gift from Okawaru
 35528 | Snake:5  | Got a serpentine rune of Zot
 35629 | Snake:5  | Reached skill level 10 in Dodging
 36357 | D:12     | Noticed Maurice
 36362 | D:12     | Killed Maurice
 36543 | D:12     | Noticed Harold
 36554 | D:12     | Killed Harold
 36664 | D:12     | Received a gift from Okawaru
 36987 | D:12     | Found Shruhin's Gadget Boutique.
 37087 | D:12     | Noticed Nergalle
 37130 | D:12     | Killed Nergalle
 37355 | D:13     | Found an opulent altar of Gozag.
 37368 | D:13     | Reached skill level 10 in Armour
 37431 | D:13     | Found Maiteapn's Food Shoppe.
 37843 | D:13     | Found a gate to the Vaults.
 38808 | D:14     | Noticed Snorg
 38819 | D:14     | Killed Snorg
 39469 | D:15     | Entered Level 15 of the Dungeon
 40006 | D:15     | Reached skill level 21 in Unarmed Combat
 40107 | D:15     | Found a staircase to the Depths.
 40602 | Elf:1    | Entered Level 1 of the Elven Halls
 40618 | Elf:1    | Reached XP level 20. HP: 169/169 MP: 23/23
 41705 | Elf:2    | Noticed Azrael
 41708 | Elf:2    | Killed Azrael
 41708 | Elf:2    | Received a gift from Okawaru
 41975 | Elf:2    | Noticed Asterion
 41985 | Elf:2    | Killed Asterion
 42005 | Elf:2    | Found Pniklanaw's Weapon Shop.
 42044 | Elf:2    | Got a heavily runed scale mail
 42055 | Elf:2    | Identified the cursed +3 scale mail "Jemuar" {+Blink Int+3} (You found it on level 2 of the Elven Halls)
 42141 | Elf:2    | Found a runed gate.
 42141 | Elf:2    | Found a runed gate.
 42141 | Elf:2    | Found a runed gate.
 42170 | Elf:2    | Received a gift from Okawaru
 42356 | Elf:2    | Reached skill level 22 in Unarmed Combat
 42561 | Elf:3    | Entered Level 3 of the Elven Halls
 42672 | Elf:3    | Received a gift from Okawaru
 42750 | Elf:3    | Received a gift from Okawaru
 43046 | Elf:3    | Received a gift from Okawaru
 43205 | Elf:3    | Identified Sif Muna's Guide on Helpful Displacement
 43518 | Elf:3    | Got a scintillating steel ring
 43527 | Elf:3    | Identified the Grimoire of Aid
 43543 | Elf:3    | Got a fine fire dragon armour
 43554 | Elf:3    | Identified the -7 fire dragon armour "Poedgh" {rElec rF++ rC- MR+ Dex+2 Slay+3 Stlth++} (You found it on level 3 of the Elven Halls)
 43576 | Elf:3    | Got a crude plate armour
 43596 | Elf:3    | Identified the ring of Scheczask {EV+4 Int-3} (You found it on level 3 of the Elven Halls)
 43619 | Elf:3    | Identified the +6 plate armour of Dishonour {+Rage rCorr Str+4 Dex-4} (You found it on level 3 of the Elven Halls)
 43627 | Elf:3    | Identified a +9 rod of ignition (12/12) (You found it on level 3 of the Elven Halls)
 43762 | Elf:3    | Reached XP level 21. HP: 171/181 MP: 24/24
 43863 | Elf:1    | Received a gift from Okawaru
 44215 | Vaults:1 | Entered Level 1 of the Vaults
 44338 | Vaults:1 | Found a portal to a secret trove of treasure.
 44651 | Vaults:1 | Received a gift from Okawaru
 44809 | Vaults:1 | Reached skill level 15 in Fighting
 45086 | Vaults:1 | Received a gift from Okawaru
 45626 | Vaults:2 | Found a staircase to the Crypt.
 46331 | Vaults:2 | Noticed Xtahua
 46338 | Vaults:2 | Killed Xtahua
 46348 | Vaults:2 | Received a gift from Okawaru
 46476 | Vaults:2 | Received a gift from Okawaru
 46479 | Vaults:2 | Reached XP level 22. HP: 183/195 MP: 24/24
 46893 | Vaults:2 | Found Rayfuitt's Antique Weapon Shoppe.
 46895 | Vaults:2 | Received a gift from Okawaru
 47158 | Vaults:2 | Received a gift from Okawaru
 48741 | Vaults:4 | Received a gift from Okawaru
 48756 | Vaults:4 | Got a pitted cloak {god gift}
 49516 | Vaults:5 | Entered Level 5 of the Vaults
 49676 | Vaults:5 | Reached XP level 23. HP: 194/203 MP: 25/25
 49752 | Vaults:5 | Noticed an ancient lich
 49761 | Vaults:5 | Killed an ancient lich
 49791 | Vaults:5 | Received a gift from Okawaru
 49897 | Vaults:5 | Got a vibrating golden ring
 49916 | Vaults:5 | Noticed an ancient lich
 49927 | Vaults:5 | Killed an ancient lich
 50079 | Vaults:4 | Identified the +0 cloak of Kiucak {Str-1 Slay+2 Curse} (Okawaru gifted it to you on level 4 of the Vaults)
 50092 | Vaults:4 | Identified the ring of Kajue {+/*Tele rF+} (You found it on level 5 of the Vaults)
 50381 | Vaults:5 | Got a faintly humming ring mail
 50425 | Vaults:5 | Received a gift from Okawaru
 50466 | Vaults:5 | Identified the cursed -5 ring mail "Pniblef" {+Inv rCorr} (You found it on level 5 of the Vaults)
 50849 | Vaults:5 | Noticed Boris
 50871 | Vaults:5 | Killed Boris
 50965 | Vaults:5 | Got a silver rune of Zot
 51120 | Vaults:5 | Noticed Frederick
 51139 | Vaults:5 | Killed Frederick
 51343 | Vaults:5 | Reached XP level 24. HP: 115/211 MP: 25/25
 51680 | Depths:1 | Entered Level 1 of the Depths
 51952 | Depths:1 | Found a gateway to a ziggurat.
 52039 | Depths:1 | Received a gift from Okawaru
 52162 | Depths:1 | Received a gift from Okawaru
 52251 | Depths:1 | Found a runed door.
 52743 | Depths:1 | Found a gateway to Hell.
 52758 | Depths:1 | Got a distressingly furry chain mail
 52772 | Depths:1 | Identified the +7 chain mail "Buokhloats" {MR+} (You found it on level 1 of the Depths)
 53090 | Depths:2 | Noticed Aizul
 53098 | Depths:2 | Killed Aizul
 53332 | Depths:2 | Received a gift from Okawaru
 53753 | Depths:2 | Received a gift from Okawaru
 53802 | Depths:2 | Reached XP level 25. HP: 201/223 MP: 25/25
 54645 | Depths:3 | Killed from afar by a deep elf sorcerer

Action                   |  1- 3 |  4- 6 |  7- 9 | 10-12 | 13-15 | 16-18 | 19-21 | 22-24 | 25-27 || total
-------------------------+-------+-------+-------+-------+-------+-------+-------+-------+-------++-------
Melee: Unarmed           |    94 |   196 |    59 |   892 |   932 |  1176 |   744 |   564 |    16 ||  4673
       Whip              |       |       |   302 |       |       |       |       |       |       ||   302
       Arbalest          |       |       |       |       |       |       |    11 |       |       ||    11
 Fire: Hand crossbow     |       |       |    23 |   105 |       |       |       |       |       ||   128
       Arbalest          |       |       |       |    97 |   228 |   509 |   841 |   723 |    70 ||  2468
       Triple crossbow   |       |       |       |       |       |       |       |    13 |       ||    13
Throw: Stone             |    35 |    28 |       |       |       |       |       |       |       ||    63
       Throwing net      |     1 |     1 |       |       |       |       |       |       |       ||     2
Invok: Heroism           |       |       |     3 |    14 |    13 |    19 |     3 |    11 |       ||    63
       Finesse           |       |       |       |       |       |     1 |       |     3 |       ||     4
Evoke: Wand              |       |       |       |       |       |       |       |     1 |       ||     1
  Use: Scroll            |       |       |    17 |     3 |    14 |     8 |     7 |     5 |     2 ||    56
       Potion            |       |       |    10 |     1 |     4 |     8 |    10 |     1 |       ||    34
 Stab: Sleeping          |     2 |     3 |     2 |     2 |       |       |       |       |       ||     9
       Held in net/web   |       |     2 |       |       |       |       |       |       |       ||     2
       Distracted        |       |       |       |     1 |       |     1 |       |       |       ||     2
  Eat: Chunk             |     7 |    16 |    51 |    92 |   125 |   177 |   118 |   149 |     7 ||   742
